 Dungeon Crawl Stone Soup version 0.28-a0-983-g1de4e0787c (webtiles) character file.

Game seed: 17105214159087607278

317 kae the Changer (level 6, -7/47 HPs)
             Began as a Draconian Transmuter on Dec 2, 2021.
             Mangled by an iguana (12 damage)
             ... on level 5 of the Dungeon.
             The game lasted 00:02:43 (4643 turns).

kae the Changer (Draconian Transmuter)              Turns: 4643, Time: 00:02:43

Health: -7/47      AC:  6    Str: 15    XL:     6   Next: 20%
Magic:  1/9        EV: 12    Int: 13    God:
Gold:   174        SH:  0    Dex: 11    Spells: 1/9 levels left

rFire   . . .      SeeInvis .     - Unarmed
rCold   . . .      Faith    .   (no shield)
rNeg    . . .      Spirit   .   (armour unavailable)
rPois   .          Reflect  .   (helmet currently unavailable)
rElec   .          Harm     .   (no cloak)
rCorr   .          Rampage  .   (no gloves)
Will    .....                   (boots currently unavailable)
Stlth   +.........              (no amulet)
HPRegen 0.15/turn               (no ring)
MPRegen 0.11/turn               (no ring)

@: appendages
A: horns 2, talons 2, AC +6, unfitting armour, cold-blooded
a: End Transformation


You were on level 5 of the Dungeon.
You had temporarily grown beastly horns and talons.
You visited 1 branch of the dungeon, and saw 5 of its levels.

You collected 174 gold pieces.

Inventory:

Jewellery
 b - a ring of willpower
 g - a ring of poison resistance
 i - a ring of ice
Scrolls
 d - 3 scrolls of identify
 e - 2 scrolls of teleportation
 j - a scroll of torment {unknown}
 k - a scroll of blinking {unknown}
Potions
 a - a potion of mutation
 c - a potion of cancellation
 f - a potion of flight {unknown}
 h - a potion of curing {unknown}


   Skills:
 - Level 1.1 Fighting
 - Level 1.7 Dodging
 + Level 4.3 Unarmed Combat
 - Level 2.0 Spellcasting
 * Level 4.8 Transmutations
 * Level 2.0 Ice Magic
 - Level 2.0 Poison Magic


You had one spell level left.
You knew the following spells:

 Your Spells              Type           Power      Damage    Failure   Level
a - Beastly Appendage     Tmut           26%        N/A       3%          1
b - Spider Form           Tmut/Pois      10%        N/A       19%         3
c - Ice Form              Ice/Tmut       10%        N/A       52%         4

Your spell library contained the following spells:

 Spells                   Type           Power      Damage    Failure   Level
 Magic Dart               Conj           4%         1d3       26%         1
 Wereblood                Tmut           13%        N/A       5%          2
 Searing Ray              Conj           2%         2d4       36%         2
 Fulminant Prism          Conj/Hex       0%         3d6       94%         4


Dungeon Overview and Level Annotations

Branches:
Dungeon (5/15)
 Temple: D:4-7

Altars:


Innate Abilities, Weirdness & Mutations

You have temporarily grown beastly horns and talons.
Your plain brown scales are hard. (AC +6)
You cannot fit into any form of body armour.
You are cold-blooded and may be slowed by cold attacks.


Message History

You closely miss the quokka. The quokka closely misses you.
The iguana hisses angrily.
You hit the quokka.
The quokka is moderately wounded.
The quokka bites you but does no damage.
Casting: Spider Form (dangerous; 19% risk of failure)
Confirm with . or Enter, or press ? or * to list all spells.
You grow a pair of large bovine horns.
Your feet morph into talons.
The quokka bites you but does no damage.
The quokka barely misses you. The quokka closely misses you.
You hit the quokka but do no damage.
The quokka is moderately wounded.
The quokka closely misses you.
You barely miss the quokka. You claw the quokka.
The quokka is almost dead.
The quokka bites you but does no damage.
You hit the quokka.
You kill the quokka!
You barely miss the iguana.
You tail-slap the iguana, but do no damage.
The iguana closely misses you.
You closely miss the iguana. Your kick misses the iguana.
You headbutt the iguana, but do no damage.
The iguana bites you.
* * * LOW HITPOINT WARNING * * *
Your magical contamination has completely faded away.
You barely miss the iguana. Your kick misses the iguana.
The iguana barely misses you.
You punch the iguana!
The iguana is heavily wounded.
The iguana bites you!
* * * LOW HITPOINT WARNING * * *
You closely miss the iguana. You claw the iguana.
You tail-slap the iguana, but do no damage.
The iguana is severely wounded.
The iguana closely misses you.
You hit the iguana.
The iguana is almost dead.
The iguana bites you!
You die...

# #.?......# #.
........# #.#
.[....# ...
#....#### #.#
##....(.# ..##
##....##.#
#.###..$..#
#..#.##l###
#.#.###@#
#.#.....#
#.####..# #.#
#....# #.# #.###.
##########.# #.
......))...####.#
#########.........
###.#####.##


You could see an iguana.

Vanquished Creatures
  A hound (D:5)
  An orc priest (D:3)
  A jelly (D:5)
  Terence (D:2)
  Jessica (D:2)
  An iguana (D:5)
  Robin (D:3)
  3 gnolls (D:5)
  2 adders
  3 adder skeletons (D:4)
  A dart slug (D:1)
  10 orcs
  4 endoplasms
  5 giant cockroaches
  5 hobgoblins
  A quokka (D:5)
  A ball python (D:2)
  5 bats
  5 frilled lizards
  15 goblins
  4 kobolds
  7 rats
78 creatures vanquished.

Notes
Turn   | Place    | Note
-------+----------+-------------------------------------------
     0 | D:1      | kae the Draconian Transmuter began the quest for the Orb.
     0 | D:1      | Reached XP level 1. HP: 16/16 MP: 3/3
   340 | D:1      | Reached XP level 2. HP: 18/23 MP: 3/5
  1295 | D:2      | Noticed Jessica
  1304 | D:2      | Killed Jessica
  1305 | D:2      | Reached XP level 3. HP: 21/28 MP: 4/6
  1309 | D:2      | Learned a level 3 spell: Spider Form
  1416 | D:2      | Noticed Terence
  1430 | D:2      | Killed Terence
  1431 | D:2      | Reached XP level 4. HP: 17/35 MP: 3/7
  1751 | D:2      | Found a faded altar of an unknown god.
  2474 | D:3      | Noticed Robin
  2495 | D:3      | Killed Robin
  2496 | D:3      | Reached skill level 1 in Poison Magic
  2826 | D:3      | Reached XP level 5. HP: 31/40 MP: 5/8
  2843 | D:3      | Learned a level 4 spell: Ice Form
  4307 | D:5      | Entered Level 5 of the Dungeon
  4373 | D:5      | Reached skill level 1 in Ice Magic
  4620 | D:5      | Reached XP level 6. HP: 23/47 MP: 2/9
  4643 | D:5      | Mangled by an iguana

Illustrated notes

Levels and vault maps discovered:
D:1:      sevenhm_arrival_forest_fort_large_4, layout_basic, minmay_surrounded
D:2:      layout_loops_ring, dreamdust_ecumenical_altar_statues,
          minmay_strange_pillars, uniq_jessica, uniq_terence
D:3:      layout_loops_cross, kennysheep_nondescript, minmay_misc_feat_tiny,
          kennysheep_generic_room_15, uniq_robin
D:4:      layout_loops_corners, serial_bayou_lake_a
D:5:      layout_loops_ring, uniq_blork_the_orc

Skill      XL: |  1  2  3  4  5  6 |
---------------+-------------------+-----
Transmutations | 3 4 |  4.8
Poison Magic   | 1 2 |  2.0
Unarmed Combat | 4 |  4.3
Ice Magic      | 1 2 |  2.0
Fighting       | |  1.1
Dodging        | |  1.7
Spellcasting   | |  2.0

Action                   |  1- 3 |  4- 6 || total
-------------------------+-------+-------++-------
Melee: Unarmed           |    61 |   166 ||   227
       Headbutt          |     6 |    11 ||    17
       Tailslap          |     4 |     8 ||    12
       Kick              |     8 |    17 ||    25
       Punch             |       |     2 ||     2
 Cast: Beastly Appendage |    15 |    32 ||    47
       Spider Form       |     1 |     6 ||     7
  Use: Scroll            |       |     6 ||     6
Armor: Skin              |    23 |    29 ||    52
Dodge: Dodged            |    37 |   119 ||   156

Table legend: (Time is in decaauts)
 A = Elapsed time spent in this place.
 B = Non-inter-level travel time spent in this place.
 C = Inter-level travel time spent in this place.
 D = Time resting spent in this place.
 E = Time spent auto-exploring this place.
 F = Levels seen in this place.
 G = Mean time per level.
                   A        B        C        D        E       F      G
               +--------+--------+--------+--------+--------+-----+--------+
         Total |   4656 |   4502 |    154 |    239 |   3685 |   5 |  931.2 |
       Dungeon |   4656 |   4502 |    154 |    239 |   3685 |   5 |  931.2 |
               +--------+--------+--------+--------+--------+-----+--------+

Top non-repeatable levels by time:
     D:1: 1267 daAuts
     D:3: 1104 daAuts
     D:2: 1022 daAuts
     D:4: 985 daAuts
     D:5: 277 daAuts
